 Dungeon Crawl Stone Soup version 0.28-a0-1555-g9ae15a6949 (webtiles) character file.

Game seed: 17353108097553293082

592 HallandMoats the Skirmisher (level 7, -7/61 HPs)
             Began as a Ghoul Monk on Jan 18, 2022.
             Was a Believer of Makhleb.
             Mangled by an ogre (9 damage)
             ... on level 5 of the Dungeon.
             The game lasted 00:06:09 (4460 turns).

HallandMoats the Skirmisher (Ghoul Monk)            Turns: 4460, Time: 00:06:09

Health: -7/61      AC: 13    Str: 17    XL:     7   Next: 39%
Magic:  7/7        EV:  9    Int:  8    God:    Makhleb [**....]
Gold:   242        SH:  4    Dex: 11    Spells: 6/6 levels left

rFire   + . .      SeeInvis .     - Unarmed
rCold   + . .      Faith    .   d - +0 buckler
rNeg    + + +      Spirit   .   i - +0 plate armour
rPois   ∞          Reflect  .   t - +1 helmet {Int+3}
rElec   .          Harm     .   (no cloak)
rCorr   .          Rampage  .   (no gloves)
Will    .....                   (no boots)
Stlth   ..........              (no amulet)
HPRegen 0.00/turn               c - ring of protection from fire
MPRegen 0.10/turn               q - +4 ring of evasion

@: mighty, inhibited regen
A: claws 1, cold resistance 1, negative energy resistance 3, inhibited
regeneration, torment resistance 2
a: Renounce Religion, Minor Destruction


You were on level 5 of the Dungeon.
You worshipped Makhleb.
Makhleb was pleased with you.
You visited 1 branch of the dungeon, and saw 5 of its levels.

You collected 242 gold pieces.

Inventory:

Hand Weapons
 u - a +0 broad axe
Armour
 d - a +0 buckler (worn)
 i - a +0 plate armour (worn)
 n - a +0 ring mail of cold resistance
 t - a +1 helmet of intelligence (worn)
Jewellery
 c - a ring of protection from fire (left claw)
 q - a +4 ring of evasion (right claw)
Scrolls
 e - a scroll of enchant armour
 f - a scroll of fog {unknown}
 h - 2 scrolls of enchant weapon {unknown}
 r - a scroll of amnesia {unknown}
 s - a scroll of immolation {unknown}
 v - 2 scrolls of identify
Potions
 a - a potion of heal wounds
 b - 3 potions of haste {unknown}
 g - a potion of invisibility {unknown}
 j - a potion of might
 k - 4 potions of curing {unknown}
 l - a potion of lignification {unknown}
 m - 2 potions of cancellation {unknown}
 o - a potion of flight {unknown}
 p - a potion of degeneration {unknown}


   Skills:
 * Level 5.1 Fighting
 * Level 3.0 Axes
 + Level 2.0 Armour
 + Level 3.6 Dodging
 - Level 2.1 Stealth
 * Level 2.9 Shields
 - Level 3.2 Unarmed Combat
 + Level 2.4 Invocations


You had 6 spell levels left.
You didn't know any spells.
Your spell library contained the following spells:

 Spells                   Type           Power      Damage    Failure   Level
 Apportation              Tloc           0%         N/A       100%        1
 Alistair's Intoxication  Tmut/Pois      0%         N/A       100%        5


Dungeon Overview and Level Annotations

Branches:
Dungeon (5/15)             Temple (0/1) D:4

Altars:
Fedhas
Makhleb
Qazlal
Trog

Annotations:
D:5 Prince Ribbit


Innate Abilities, Weirdness & Mutations

You thrive by killing the living.
You are immune to poison.
You have sharp fingernails.
Your flesh is cold resistant. (rC+)
You are immune to negative energy. (rN+++)
You do not regenerate when monsters are visible.
You are immune to unholy pain and torment.


Message History

You scratch the ogre.
The ogre is moderately wounded.
The ogre hits you with a +0 giant club!
You are too injured to fight recklessly!
You are too injured to fight recklessly!
You are too injured to fight recklessly!
You barely miss the ogre.
The ogre is moderately wounded.
You scratch the ogre.
The ogre is heavily wounded.
The ogre hits you with a +0 giant club!!
* * * LOW HITPOINT WARNING * * *
You scratch the ogre but do no damage.
The ogre is heavily wounded.
The ogre hits you with a +0 giant club!
* * * LOW HITPOINT WARNING * * *
Found a stone staircase leading down.
Found 21 bolts.
There is an escape hatch in the ceiling here.
Prince Ribbit comes into view.
Prince Ribbit gives a loud, deep croak!
You hear a shout! x2
An ogre comes into view. It is wielding a +0 giant club.
A jelly comes into view.
The jelly quivers.
You block the ogre's attack.
Prince Ribbit blinks!
An ogre comes into view. It is wielding a +0 giant club.
The ogre shouts!
Found a stone staircase leading up.
The jelly jiggles.
Prince Ribbit blinks!
The ogre misses you.
Prince Ribbit blinks!
There is a stone staircase leading up here.
A phantom comes into view.
Found 15 gold pieces.
Okay, then.
It was a potion of might.
You feel very mighty all of a sudden.
A wyvern comes into view.
The ogre hits you with a +0 giant club!
You die...

##...#........ ...
.......... ### #.#
$......... ...##.#
#.........
#....###.........
#....#.......l.
##...#O.W......
#..OJ.O@.......
#<#.###........ ##...#
###..##.. # #.O### #.##
# ... ##. ##..#
#####.... ..
...#####..###........#.
.. #.............# #...
. . # #...........###
#..## .#.#
##..........##
#...###...##


You could see a phantom, a wyvern, 3 ogres and a jelly.

Vanquished Creatures
  Sigmund (D:2)
  A black bear (D:4)
  An ogre (D:4)
  A jelly (D:4)
  2 hounds
  6 adders
  An ufetubus (D:4)
  3 worms
  2 adder skeletons (D:4)
  3 dart slugs
  4 orcs
  5 ball pythons
  11 endoplasms
  14 giant cockroaches
  11 goblins
  11 hobgoblins
  A jackal (D:2)
  4 kobolds
  2 quokkas
  6 bats
  6 frilled lizards
  3 rats
99 creatures vanquished.

Notes
Turn   | Place    | Note
-------+----------+-------------------------------------------
     0 | D:1      | HallandMoats the Ghoul Monk began the quest for the Orb.
     0 | D:1      | Reached XP level 1. HP: 19/19 MP: 0/0
   130 | D:1      | Reached XP level 2. HP: 26/26 MP: 1/1
   616 | D:1      | Reached skill level 1 in Axes
   693 | D:1      | Reached XP level 3. HP: 31/31 MP: 2/2
  1166 | D:2      | Reached skill level 1 in Shields
  1171 | D:2      | Reached skill level 1 in Invocations
  1208 | D:2      | Reached XP level 4. HP: 40/40 MP: 3/3
  1392 | D:2      | Found a stormy altar of Qazlal.
  1399 | D:2      | Noticed Sigmund
  1417 | D:2      | Killed Sigmund
  1418 | D:2      | Reached skill level 4 in Fighting
  1418 | D:2      | Reached skill level 1 in Armour
  1418 | D:2      | Reached XP level 5. HP: 41/47 MP: 3/5
  1684 | D:2      | Found a faded altar of an unknown god.
  1847 | D:2      | Reached XP level 6. HP: 52/53 MP: 6/6
  3819 | D:4      | Noticed a black bear
  3857 | D:4      | Killed a black bear
  3858 | D:4      | Reached XP level 7. HP: 52/60 MP: 7/7
  3928 | D:4      | Found a burning altar of Makhleb.
  3942 | D:4      | Reached skill level 5 in Fighting
  3943 | D:4      | Found a blossoming altar of Fedhas.
  3943 | D:4      | Found a bloodstained altar of Trog.
  3947 | D:4      | Became a worshipper of Makhleb the Destroyer
  3947 | D:4      | Reached * piety under Makhleb
  3947 | D:4      | Reached ** piety under Makhleb
  4024 | D:4      | Found a staircase to the Ecumenical Temple.
  4334 | D:5      | Entered Level 5 of the Dungeon
  4410 | D:5      | HP: 2/61 [ogre (8)]
  4434 | D:5      | Noticed Prince Ribbit
  4460 | D:5      | Noticed a wyvern
  4460 | D:5      | Mangled by an ogre

Illustrated notes

Levels and vault maps discovered:
D:1:      psy_arrival_whirlpool, layout_basic
D:2:      minmay_roachtagon, layout_basic, basic_altar,
          ebering_ecumenical_altar_rust, minmay_joined_circles, uniq_sigmund
D:3:      layout_loops_corners, corner_web_ring, grunt_decor_resistance,
          grunt_ministairs_2
D:4:      layout_rooms, grunt_temple_overflow_open, minmay_temple_entry_arrows
D:5:      layout_rooms, minmay_fractal_squares_5, uniq_prince_ribbit1

Skill      XL: |  1  2  3  4  5  6  7 |
---------------+----------------------+-----
Axes           | 1 2 3 |  3.0
Shields        | 1 2 |  2.9
Invocations    | 1 2 |  2.4
Fighting       | 4 5 |  5.1
Armour         | 1 2 |  2.0
Dodging        | 3 |  3.6
Stealth        | |  2.1
Unarmed Combat | |  3.2

Action                   |  1- 3 |  4- 6 |  7- 9 || total
-------------------------+-------+-------+-------++-------
Melee: Unarmed           |    78 |   214 |    48 ||   340
  Use: Scroll            |       |     3 |       ||     3
       Potion            |       |       |     1 ||     1
 Stab: Sleeping          |     4 |       |       ||     4
Armor: Robe              |     8 |       |       ||     8
       Plate armour      |    15 |   109 |    28 ||   152
Dodge: Dodged            |    33 |    54 |    35 ||   122
Block: Buckler           |     9 |    32 |    12 ||    53

Table legend: (Time is in decaauts)
 A = Elapsed time spent in this place.
 B = Non-inter-level travel time spent in this place.
 C = Inter-level travel time spent in this place.
 D = Time resting spent in this place.
 E = Time spent auto-exploring this place.
 F = Levels seen in this place.
 G = Mean time per level.
                   A        B        C        D        E       F      G
               +--------+--------+--------+--------+--------+-----+--------+
         Total |   4455 |   4340 |    115 |     62 |   3476 |   5 |  891.0 |
       Dungeon |   4455 |   4340 |    115 |     62 |   3476 |   5 |  891.0 |
               +--------+--------+--------+--------+--------+-----+--------+

Top non-repeatable levels by time:
     D:2: 1277 daAuts
     D:3: 1118 daAuts
     D:1: 1014 daAuts
     D:4: 919 daAuts
     D:5: 125 daAuts
